Manchots vs Saguenéens
Created - 6 décembre 2013 at 19:13
Goals
|
| Manchots |
0 |
2 |
1 |
3 |
| Saguenéens |
1 |
1 |
3 |
5 |
|
Shots
|
| Manchots |
6 |
10 |
13 |
29 |
| Saguenéens |
10 |
12 |
8 |
30 |
|
1st period
1. Saguenéens , Andreas Johansson 12 (Evgeny Dadonov) at 5:47
Penalties :
Henrik Tallinder (Chi) for High sticking (Minor) at 0:56, Bobby Butler (Out) for Hooking (Minor) at 0:56, Jeffrey Foss (Chi) for Fighting (Major) at 6:43, Eric Gryba (Out) for Fighting (Major) at 6:43, David Laliberté (Chi) for Boarding (Minor) at 19:32
2nd period
2. Manchots , Martin Hanzal 13 (Bryan Allen, Pernell Karl Subban) at 1:48
3. Manchots , Tyler Kennedy 5 (Stanislav Neckar, Cal Clutterbuck) at 4:44
4. Saguenéens , Justin Schultz 3 (Evgeny Dadonov, Andreas Johansson) at 7:24 (PP)
Penalties :
Dwight King (Chi) for Hooking (Minor) at 5:17, Michael Del Zotto (Out) for Holding (Minor) at 7:20, Steven Stamkos (Out) for Holding (Minor) at 8:03, Evgeny Dadonov (Chi) for Hooking (Minor) at 14:25, Steven Stamkos (Out) for Interference (Minor) at 18:57
3rd period
5. Saguenéens , Jarkko Ruutu 10 (Mike Van Ryn) at 2:37 (SH)
6. Saguenéens , Jarkko Ruutu 11 (Kyle Brodziak, Brian Flynn) at 4:52
7. Manchots , Jamie Benn 12 (Steven Stamkos, Michael Del Zotto) at 5:04
8. Saguenéens , Brandon Yip 15 (Kyle Brodziak) at 15:13
Penalties :
Kyle Brodziak (Chi) for Tripping (Minor) at 2:25, Steven Stamkos (Out) for Delaying the game (Minor) at 5:32, Henrik Tallinder (Chi) for Hooking (Minor) at 8:44, Wayne Simmonds (Chi) for Cross-checking (Minor) at 12:05, Evgeny Dadonov (Chi) for Tripping (Minor) at 18:07
Goalie Stats
Sebastien Caron (Out), 25 saves from 30 shots - (0,833), L, 12-5-2, 60:00 minutes
Harru Sateri (Chi), 26 saves from 29 shots - (0,897), W, 2-0-0, 60:00 minutes
Players Stats for Manchots
Player Name G A P +/- PIM S H SB GA TA FO MP PP MP PK MP
------------------------------------------------------------------------------------
Aaron Ward 0 0 0 1 0 4 1 3 0 0 0/0 23:38 4:29 3:27
Alexander Radulov 0 0 0 0 0 2 1 0 1 1 1/2 17:04 5:51 0:00
Bobby Butler 0 0 0 0 2 1 1 0 1 0 0/0 10:51 0:09 0:00
Bryan Allen 0 1 1 -3 0 1 2 1 0 0 0/0 23:35 8:40 3:27
Cal Clutterbuck 0 1 1 -1 0 1 0 0 0 0 0/0 4:54 0:00 0:00
Eric Gryba 0 0 0 -2 5 2 1 1 0 1 0/0 10:32 0:06 2:34
Eric Tangradi 0 0 0 -1 0 2 0 0 0 0 0/0 5:38 0:16 0:00
Jamie Benn 1 0 1 1 0 3 3 0 1 0 1/1 19:58 5:39 1:18
Logan Couture 0 0 0 0 0 0 3 0 0 0 2/6 18:22 5:44 0:49
Martin Hanzal 1 0 1 0 0 1 2 0 0 0 5/10 11:59 0:21 1:18
Michael Del Zotto 0 1 1 1 2 2 0 0 0 1 0/0 16:16 5:00 0:00
Pernell Karl Subban 0 1 1 0 0 0 0 1 0 0 0/0 27:36 9:11 0:00
Petr Sykora 0 0 0 0 0 2 2 1 0 0 1/1 23:15 7:46 3:25
Ruslan Fedotenko 0 0 0 0 0 1 1 0 1 0 0/0 11:41 0:00 1:57
Stanislav Neckar 0 1 1 1 0 1 2 3 0 3 0/0 18:21 0:06 2:34
Steven Stamkos 0 1 1 0 6 2 3 1 3 0 18/31 21:31 7:46 0:00
Tyler Ennis 0 0 0 -1 0 2 0 0 0 0 0/1 18:28 7:46 0:00
Tyler Kennedy 1 0 1 -1 0 2 0 0 0 0 4/7 8:15 0:00 3:15
Players Stats for Saguenéens
Player Name G A P +/- PIM S H SB GA TA FO MP PP MP PK MP
------------------------------------------------------------------------------------
Andreas Johansson 1 1 2 0 0 3 2 0 0 1 18/32 23:22 3:33 6:43
Brandon Yip 1 0 1 0 0 2 0 0 2 1 0/1 19:03 2:19 6:32
Brian Flynn 0 1 1 1 0 1 1 3 0 0 0/1 11:23 2:19 0:24
David Laliberté 0 0 0 -1 2 1 0 0 0 0 0/0 8:22 0:02 0:00
Derek Joslin 0 0 0 1 0 1 2 2 0 0 0/0 17:18 0:00 6:40
Dwight King 0 0 0 0 2 0 2 0 0 0 0/0 11:12 2:19 0:07
Evgeny Dadonov 0 2 2 0 4 3 0 1 1 0 0/0 16:11 3:33 0:01
Henrik Tallinder 0 0 0 -2 4 1 2 2 1 1 0/0 22:13 2:01 5:39
Ian Cole 0 0 0 -2 0 3 0 0 0 1 0/0 15:59 2:01 0:10
Jarkko Ruutu 2 0 2 2 0 5 0 1 1 1 0/1 15:10 0:00 6:52
Jeffrey Foss 0 0 0 1 5 2 1 0 0 0 0/0 9:34 0:00 0:51
Justin Schultz 1 0 1 2 0 3 3 2 0 0 0/0 27:17 4:00 7:06
Kyle Brodziak 0 2 2 1 2 4 3 1 0 0 5/17 16:40 0:16 5:31
Mike Van Ryn 0 1 1 2 0 0 2 0 1 1 0/0 28:09 4:00 7:06
Petteri Wirtanen 0 0 0 -1 0 1 0 1 0 0 3/5 7:56 0:00 0:00
Rhett Rakhshani 0 0 0 0 0 0 0 0 0 0 0/0 8:20 0:09 0:00
Tyler McNeely 0 0 0 -1 0 0 2 0 0 0 0/0 7:56 0:00 0:00
Wayne Simmonds 0 0 0 1 2 0 2 0 0 1 1/2 18:01 3:33 1:22
3 Stars
1 - Jarkko Ruutu (Chi)
2 - Justin Schultz (Chi)
3 - Andreas Johansson (Chi)
Power Play
Manchots - 0 on 7 Attempt(s) - 0,00%
Saguenéens - 1 on 4 Attempt(s) - 25,00%
Penalty Kill
Manchots - 3 on 4 Attempt(s) - 75,00%
- Score 0 goal in Penalty Kill
Saguenéens - 7 on 7 Attempt(s) - 100,00%
- Score 1 goal in Penalty Kill
Official
Referees : McCauley Wes and Walsh Ian
Linesman : Jay Sharrers and Steve Barton
Game Notes
Jeffrey Foss and Eric Gryba fight to a draw at 6:43 of 1st period
5:04 of 3rd period - Manchots goal is going for a video replay. After video review, Goal.
Finance
Level 1 -- Attendance: 1473 (73,65%) -- Ticket Income 58 920 $
Level 2 -- Attendance: 721 (72,10%) -- Ticket Income 14 420 $
Total Attendance: 2194 (73,13%)
Total Ticket Income: 73 340 $
Other Income: 3 667 $
Total Income: 77 007 $
Manchots
5 vs 5 Forward
Center Left Wing Right Wing Time % Phy DF OF
1 Steven Stamkos Jamie Benn Petr Sykora 40 1 2 2
2 Logan Couture Tyler Ennis Alexander Radulov 38 1 2 2
3 Martin Hanzal Ruslan Fedotenko Bobby Butler 20 1 2 2
4 Tyler Kennedy Eric Tangradi Cal Clutterbuck 2 1 2 2
5 vs 5 Defense
Defense Defense Time % Phy DF OF
1 Pernell Karl Subban Stanislav Neckar 40 1 2 2
2 Aaron Ward Michael Del Zotto 29 1 2 2
3 Bryan Allen Eric Gryba 18 1 2 2
4 Pernell Karl Subban Aaron Ward 13 1 2 2
PowerPlay Forward
Center Left Wing Right Wing Time % Phy DF OF
1 Steven Stamkos Tyler Ennis Petr Sykora 60 1 1 3
2 Logan Couture Jamie Benn Alexander Radulov 40 1 1 3
PowerPlay Defense
Defense Defense Time % Phy DF OF
1 Bryan Allen Pernell Karl Subban 60 1 1 3
2 Michael Del Zotto Aaron Ward 40 1 1 3
Penalty Kill 4 Players Forward
Center Wing Time % Phy DF OF
1 Tyler Kennedy Petr Sykora 60 1 3 1
2 Martin Hanzal Ruslan Fedotenko 40 1 3 1
Penalty Kill 4 Players Defense
Defense Defense Time % Phy DF OF
1 Bryan Allen Aaron Ward 60 1 3 1
2 Stanislav Neckar Eric Gryba 40 1 3 1
Penalty Kill - 3 Players Forward
Forward Time % Phy DF OF
1 Ruslan Fedotenko 60 1 3 1
2 Martin Hanzal 40 1 3 1
Penalty Kill - 3 Players Defense
Defense Defense Time % Phy DF OF
1 Aaron Ward Bryan Allen 60 1 3 1
2 Eric Gryba Stanislav Neckar 40 1 3 1
4 vs 4 Forward
Center Wing Time % Phy DF OF
1 Steven Stamkos Tyler Ennis 60 1 1 3
2 Logan Couture Alexander Radulov 40 1 1 3
4 vs 4 Defense
Defense Defense Time % Phy DF OF
1 Pernell Karl Subban Bryan Allen 60 1 1 3
2 Michael Del Zotto Aaron Ward 40 1 1 3
Last Minutes Offensive
Center Left Wing Right Wing Defense Defense
Steven Stamkos Tyler Ennis Alexander Radulov Michael Del Zotto Pernell Karl Subban
Last Minutes Defensive
Center Left Wing Right Wing Defense Defense
Tyler Kennedy Ruslan Fedotenko Petr Sykora Aaron Ward Stanislav Neckar
Goaltenders
Starting : Sebastien Caron
Backup : Anders Lindback
Extra Forwards
Normal : Logan Couture, Steven Stamkos, Tyler Ennis - PP : Martin Hanzal, Steven Stamkos - PK : Ruslan Fedotenko
Extra Defensemen
Normal : Stanislav Neckar, Pernell Karl Subban, Aaron Ward - PP : Michael Del Zotto - PK : Stanislav Neckar, Aaron Ward
Penalty Shots
Steven Stamkos, Tyler Ennis, Ruslan Fedotenko, Alexander Radulov, Martin Hanzal
Saguenéens
5 vs 5 Forward
Center Left Wing Right Wing Time % Phy DF OF
1 Andreas Johansson Evgeny Dadonov Wayne Simmonds 40 1 1 3
2 Kyle Brodziak Dwight King Brandon Yip 30 1 1 3
3 Brian Flynn Jarkko Ruutu Rhett Rakhshani 16 1 2 2
4 Petteri Wirtanen Tyler McNeely David Laliberté 14 1 2 2
5 vs 5 Defense
Defense Defense Time % Phy DF OF
1 Justin Schultz Mike Van Ryn 32 1 2 2
2 Ian Cole Henrik Tallinder 32 1 2 2
3 Jeffrey Foss Derek Joslin 26 1 2 2
4 Justin Schultz Mike Van Ryn 10 0 2 3
PowerPlay Forward
Center Left Wing Right Wing Time % Phy DF OF
1 Andreas Johansson Evgeny Dadonov Wayne Simmonds 60 0 1 4
2 Brian Flynn Dwight King Brandon Yip 40 0 1 4
PowerPlay Defense
Defense Defense Time % Phy DF OF
1 Justin Schultz Mike Van Ryn 60 0 2 3
2 Ian Cole Henrik Tallinder 40 0 2 3
Penalty Kill 4 Players Forward
Center Wing Time % Phy DF OF
1 Kyle Brodziak Jarkko Ruutu 50 1 3 1
2 Andreas Johansson Brandon Yip 50 1 3 1
Penalty Kill 4 Players Defense
Defense Defense Time % Phy DF OF
1 Justin Schultz Mike Van Ryn 50 1 3 1
2 Derek Joslin Henrik Tallinder 50 1 3 1
Penalty Kill - 3 Players Forward
Forward Time % Phy DF OF
1 Jarkko Ruutu 50 1 3 1
2 Andreas Johansson 50 1 3 1
Penalty Kill - 3 Players Defense
Defense Defense Time % Phy DF OF
1 Justin Schultz Mike Van Ryn 50 1 3 1
2 Derek Joslin Henrik Tallinder 50 1 3 1
4 vs 4 Forward
Center Wing Time % Phy DF OF
1 Kyle Brodziak Brandon Yip 50 1 1 3
2 Andreas Johansson Wayne Simmonds 50 1 1 3
4 vs 4 Defense
Defense Defense Time % Phy DF OF
1 Justin Schultz Mike Van Ryn 50 1 2 2
2 Henrik Tallinder Ian Cole 50 1 2 2
Last Minutes Offensive
Center Left Wing Right Wing Defense Defense
Andreas Johansson Evgeny Dadonov Brandon Yip Justin Schultz Mike Van Ryn
Last Minutes Defensive
Center Left Wing Right Wing Defense Defense
Andreas Johansson Evgeny Dadonov Wayne Simmonds Justin Schultz Mike Van Ryn
Goaltenders
Starting : Harru Sateri
Backup : James Reimer
Extra Forwards
Normal : Brian Flynn, Andreas Johansson, Evgeny Dadonov - PP : Kyle Brodziak, Rhett Rakhshani - PK : Wayne Simmonds
Extra Defensemen
Normal : Jeffrey Foss, Derek Joslin, Justin Schultz - PP : Jeffrey Foss - PK : Jeffrey Foss, Ian Cole
Penalty Shots
Brandon Yip, Andreas Johansson, Evgeny Dadonov, Jarkko Ruutu, Wayne Simmonds
% Time on Ice - Manchots
Lines # - Real PCT - Wanted PCT - Time Play
Normal Forward
1 - 34% - 40% - 13:09
2 - 27% - 38% - 10:27
3 - 25% - 20% - 9:44
4 - 13% - 2% - 4:54
Normal Defense
1 - 41% - 40% - 15:43
2 - 30% - 29% - 11:32
3 - 22% - 18% - 8:34
4 - 6% - 13% - 2:25
PP Forward
1 - 58% - 60% - 7:55
2 - 42% - 40% - 5:51
PP Defense
1 - 67% - 60% - 9:17
2 - 33% - 40% - 4:29
PK Forward
1 - 78% - 60% - 4:43
2 - 22% - 40% - 1:18
PK Defense
1 - 57% - 60% - 3:27
2 - 43% - 40% - 2:34
PK3 Forward
1 - 0% - 60%
2 - 0% - 40%
PK3 Defense
1 - 0% - 60%
2 - 0% - 40%
44 Forward
1 - 61% - 60% - 1:13
2 - 39% - 40% - 0:46
44 Defense
1 - 65% - 60% - 1:17
2 - 35% - 40% - 0:42
Last Minute Offensive - 0:00
Last Minute Defensive - 0:00
Total
Forward - 60:00
Defense - 60:00
|
% Time on Ice - Saguenéens
Lines # - Real PCT - Wanted PCT - Time Play
Normal Forward
1 - 35% - 40% - 13:16
2 - 24% - 30% - 9:12
3 - 20% - 16% - 7:50
4 - 21% - 14% - 7:56
Normal Defense
1 - 35% - 32% - 13:34
2 - 35% - 32% - 13:17
3 - 26% - 26% - 10:02
4 - 4% - 10% - 1:21
PP Forward
1 - 61% - 60% - 3:40
2 - 39% - 40% - 2:21
PP Defense
1 - 66% - 60% - 4:00
2 - 34% - 40% - 2:01
PK Forward
1 - 51% - 50% - 7:03
2 - 49% - 50% - 6:43
PK Defense
1 - 52% - 50% - 7:06
2 - 48% - 50% - 6:40
PK3 Forward
1 - 0% - 50%
2 - 0% - 50%
PK3 Defense
1 - 0% - 50%
2 - 0% - 50%
44 Forward
1 - 46% - 50% - 0:55
2 - 54% - 50% - 1:04
44 Defense
1 - 39% - 50% - 0:47
2 - 61% - 50% - 1:12
Last Minute Offensive - 0:00
Last Minute Defensive - 0:00
Total
Forward - 60:00
Defense - 60:00
|
Play by Play
1st period
0:01 of 1st period - Andreas Johansson wins face-off versus Steven Stamkos in neutral zone.
0:06 of 1st period - Pernell Karl Subban is hit by Wayne Simmonds and loses puck.
0:25 of 1st period - Stanislav Neckar is hit by Kyle Brodziak.
0:49 of 1st period - Slapshot by Henrik Tallinder.
0:49 of 1st period - Shot Misses the Net.
0:56 of 1st period - Minor Penalty to Henrik Tallinder for High sticking.
0:56 of 1st period - Minor Penalty to Bobby Butler for Hooking.
0:57 of 1st period - Steven Stamkos wins face-off versus Kyle Brodziak in Manchots zone.
1:27 of 1st period - Justin Schultz is hit by Logan Couture and loses puck.
2:56 of 1st period - Penalty to Henrik Tallinder is over, Henrik Tallinder is back on ice.
2:56 of 1st period - Penalty to Bobby Butler is over, Bobby Butler is back on ice.
3:10 of 1st period - Slapshot by Alexander Radulov.
3:10 of 1st period - Shot Misses the Net.
3:26 of 1st period - Wrist shot by Kyle Brodziak.
3:26 of 1st period - Stopped by Sebastien Caron without a rebound.
3:27 of 1st period - Tyler Kennedy wins face-off versus Petteri Wirtanen in Manchots zone.
3:32 of 1st period - Slapshot by Aaron Ward.
3:32 of 1st period - Deflect By Henrik Tallinder.
3:32 of 1st period - Stopped by Harru Sateri with a rebound.
4:14 of 1st period - Henrik Tallinder is hit by Stanislav Neckar and loses puck.
5:09 of 1st period - Slapshot by David Laliberté.
5:09 of 1st period - Shot Misses the Net.
5:45 of 1st period - Wrist shot by Andreas Johansson.
5:45 of 1st period - Stopped by Sebastien Caron with a rebound.
5:47 of 1st period - Wrist shot by Andreas Johansson.
5:47 of 1st period - Goal by Andreas Johansson - Manchots : 0 - Saguenéens : 1.
5:48 of 1st period - Steven Stamkos wins face-off versus Kyle Brodziak in neutral zone.
6:15 of 1st period - Alexander Radulov is hit by Andreas Johansson and loses puck.
6:24 of 1st period - Wrist shot by Evgeny Dadonov.
6:24 of 1st period - Stopped by Sebastien Caron with a rebound.
6:43 of 1st period - Jeffrey Foss and Eric Gryba fight to a draw.
6:43 of 1st period - Penalty to Jeffrey Foss for Fighting.
6:43 of 1st period - Penalty to Eric Gryba for Fighting.
6:44 of 1st period - Steven Stamkos wins face-off versus Kyle Brodziak in Saguenéens zone.
6:47 of 1st period - Wrist shot by Petr Sykora.
6:47 of 1st period - Shot Misses the Net.
7:36 of 1st period - Snap shot by Ruslan Fedotenko.
7:36 of 1st period - Shot Misses the Net.
8:13 of 1st period - Petteri Wirtanen is hit by Stanislav Neckar.
8:17 of 1st period - Slapshot by Henrik Tallinder.
8:17 of 1st period - Deflect By Petteri Wirtanen.
8:17 of 1st period - Stopped by Sebastien Caron with a rebound.
8:23 of 1st period - Backhand shot by Steven Stamkos.
8:23 of 1st period - Shot Blocked by Derek Joslin.
8:59 of 1st period - Off-side.
9:00 of 1st period - Martin Hanzal wins face-off versus Andreas Johansson in neutral zone.
9:05 of 1st period - Andreas Johansson is hit by Martin Hanzal.
9:48 of 1st period - Aaron Ward is hit by Tyler McNeely and loses puck.
10:14 of 1st period - Cal Clutterbuck is hit by Derek Joslin and loses puck.
11:27 of 1st period - Mike Van Ryn is hit by Bryan Allen and loses puck.
12:00 of 1st period - Ruslan Fedotenko is hit by Kyle Brodziak and loses puck.
12:27 of 1st period - Wrist shot by Tyler Kennedy.
12:27 of 1st period - Stopped by Harru Sateri without a rebound.
12:28 of 1st period - Steven Stamkos wins face-off versus Kyle Brodziak in Saguenéens zone.
12:29 of 1st period - Snap shot by Petr Sykora.
12:29 of 1st period - Shot Misses the Net.
12:40 of 1st period - Jamie Benn is hit by Kyle Brodziak and loses puck.
13:17 of 1st period - Off-side.
13:18 of 1st period - Martin Hanzal wins face-off versus Petteri Wirtanen in neutral zone.
13:21 of 1st period - Justin Schultz is hit by Eric Gryba and loses puck.
14:10 of 1st period - Ruslan Fedotenko is hit by Brian Flynn and loses puck.
14:29 of 1st period - Stanislav Neckar is hit by Justin Schultz and loses puck.
14:36 of 1st period - Slapshot by Mike Van Ryn.
14:36 of 1st period - Shot Blocked by Stanislav Neckar.
14:38 of 1st period - Slapshot by Justin Schultz.
14:38 of 1st period - Deflect By Jarkko Ruutu.
14:38 of 1st period - Stopped by Sebastien Caron with a rebound.
14:40 of 1st period - Snap shot by Jarkko Ruutu.
14:40 of 1st period - Deflect By Bobby Butler.
14:40 of 1st period - Stopped by Sebastien Caron without a rebound.
14:41 of 1st period - Steven Stamkos wins face-off versus Kyle Brodziak in Manchots zone.
15:06 of 1st period - Snap shot by Tyler Ennis.
15:06 of 1st period - Stopped by Harru Sateri with a rebound.
15:26 of 1st period - Snap shot by Henrik Tallinder.
15:26 of 1st period - Shot Misses the Net.
17:30 of 1st period - Bryan Allen is hit by Justin Schultz and loses puck.
17:51 of 1st period - Snap shot by Petteri Wirtanen.
17:51 of 1st period - Shot Misses the Net.
18:29 of 1st period - Wrist shot by Derek Joslin.
18:29 of 1st period - Deflect By Tyler Ennis.
18:29 of 1st period - Stopped by Sebastien Caron without a rebound.
18:30 of 1st period - Petteri Wirtanen wins face-off versus Logan Couture in Manchots zone.
18:33 of 1st period - Slapshot by Henrik Tallinder.
18:33 of 1st period - Stopped by Sebastien Caron with a rebound.
18:35 of 1st period - Snap shot by Ian Cole.
18:35 of 1st period - Stopped by Sebastien Caron without a rebound.
18:36 of 1st period - Steven Stamkos wins face-off versus Kyle Brodziak in Manchots zone.
18:36 of 1st period - Steven Stamkos is hit by Henrik Tallinder.
18:44 of 1st period - Ian Cole is hit by Steven Stamkos and loses puck.
18:51 of 1st period - Snap shot by Steven Stamkos.
18:51 of 1st period - Stopped by Harru Sateri with a rebound.
19:01 of 1st period - Wrist shot by Tyler Ennis.
19:01 of 1st period - Shot Blocked by Henrik Tallinder.
19:03 of 1st period - Wrist shot by Logan Couture.
19:03 of 1st period - Shot Misses the Net.
19:05 of 1st period - Slapshot by Aaron Ward.
19:05 of 1st period - Shot Misses the Net.
19:07 of 1st period - Slapshot by Pernell Karl Subban.
19:07 of 1st period - Shot Blocked by Evgeny Dadonov.
19:09 of 1st period - Wrist shot by Tyler Ennis.
19:09 of 1st period - Stopped by Harru Sateri with a rebound.
19:11 of 1st period - Snap shot by Aaron Ward.
19:11 of 1st period - Stopped by Harru Sateri with a rebound.
19:32 of 1st period - Minor Penalty to David Laliberté for Boarding.
19:33 of 1st period - Kyle Brodziak wins face-off versus Steven Stamkos in Saguenéens zone.
19:47 of 1st period - Off-side.
19:48 of 1st period - Steven Stamkos wins face-off versus Andreas Johansson in neutral zone.
2nd period
0:01 of 2nd period - Steven Stamkos wins face-off versus Andreas Johansson in neutral zone.
0:35 of 2nd period - Jarkko Ruutu is hit by Jamie Benn and loses puck.
0:52 of 2nd period - Kyle Brodziak is hit by Petr Sykora and loses puck.
1:32 of 2nd period - Penalty to David Laliberté is over, David Laliberté is back on ice.
1:48 of 2nd period - Wrist shot by Martin Hanzal.
1:48 of 2nd period - Goal by Martin Hanzal - Manchots : 1 - Saguenéens : 1.
1:49 of 2nd period - Andreas Johansson wins face-off versus Logan Couture in neutral zone.
1:52 of 2nd period - Slapshot by Mike Van Ryn.
1:52 of 2nd period - Shot Blocked by Aaron Ward.
2:25 of 2nd period - Snap shot by Mike Van Ryn.
2:25 of 2nd period - Shot Blocked by Petr Sykora.
2:41 of 2nd period - Snap shot by Jarkko Ruutu.
2:41 of 2nd period - Stopped by Sebastien Caron without a rebound.
2:42 of 2nd period - Andreas Johansson wins face-off versus Logan Couture in Manchots zone.
3:33 of 2nd period - Bryan Allen is hit by Mike Van Ryn and loses puck.
3:40 of 2nd period - Mike Van Ryn is hit by Bobby Butler and loses puck.
4:16 of 2nd period - Slapshot by Henrik Tallinder.
4:16 of 2nd period - Shot Blocked by Aaron Ward.
4:36 of 2nd period - Slapshot by Stanislav Neckar.
4:36 of 2nd period - Stopped by Harru Sateri without a rebound.
4:37 of 2nd period - Tyler Kennedy wins face-off versus Kyle Brodziak in Saguenéens zone.
4:40 of 2nd period - Wrist shot by Cal Clutterbuck.
4:40 of 2nd period - Stopped by Harru Sateri with a rebound.
4:42 of 2nd period - Slapshot by Stanislav Neckar.
4:42 of 2nd period - Shot Blocked by Kyle Brodziak.
4:44 of 2nd period - Wrist shot by Tyler Kennedy.
4:44 of 2nd period - Goal by Tyler Kennedy - Manchots : 2 - Saguenéens : 1.
4:45 of 2nd period - Andreas Johansson wins face-off versus Steven Stamkos in neutral zone.
4:59 of 2nd period - Pernell Karl Subban is hit by Andreas Johansson.
5:11 of 2nd period - Pernell Karl Subban is hit by Justin Schultz and loses puck.
5:17 of 2nd period - Minor Penalty to Dwight King for Hooking.
5:18 of 2nd period - Steven Stamkos wins face-off versus Kyle Brodziak in Saguenéens zone.
6:54 of 2nd period - Henrik Tallinder is hit by Bryan Allen and loses puck.
7:17 of 2nd period - Penalty to Dwight King is over, Dwight King is back on ice.
7:20 of 2nd period - Minor Penalty to Michael Del Zotto for Holding.
7:21 of 2nd period - Andreas Johansson wins face-off versus Tyler Kennedy in Manchots zone.
7:22 of 2nd period - Snap shot by Evgeny Dadonov.
7:22 of 2nd period - Shot Misses the Net.
7:24 of 2nd period - Wrist shot by Justin Schultz.
7:24 of 2nd period - Goal by Justin Schultz - Manchots : 2 - Saguenéens : 2.
7:25 of 2nd period - Andreas Johansson wins face-off versus Steven Stamkos in neutral zone.
7:41 of 2nd period - Off-side.
7:42 of 2nd period - Alexander Radulov wins face-off versus Kyle Brodziak in neutral zone.
7:45 of 2nd period - Kyle Brodziak is hit by Alexander Radulov and loses puck.
8:03 of 2nd period - Minor Penalty to Steven Stamkos for Holding.
8:04 of 2nd period - Tyler Kennedy wins face-off versus Andreas Johansson in Manchots zone.
8:10 of 2nd period - Icing by Wayne Simmonds.
8:11 of 2nd period - Petr Sykora wins face-off versus Andreas Johansson in Saguenéens zone.
8:20 of 2nd period - Tyler Kennedy is hit by Wayne Simmonds and loses puck.
8:39 of 2nd period - Wrist shot by Evgeny Dadonov.
8:39 of 2nd period - Stopped by Sebastien Caron with a rebound.
8:41 of 2nd period - Slapshot by Justin Schultz.
8:41 of 2nd period - Stopped by Sebastien Caron with a rebound.
8:43 of 2nd period - Wrist shot by Andreas Johansson.
8:43 of 2nd period - Shot Blocked by Aaron Ward.
9:36 of 2nd period - Slapshot by Justin Schultz.
9:36 of 2nd period - Stopped by Sebastien Caron with a rebound.
10:03 of 2nd period - Penalty to Steven Stamkos is over, Steven Stamkos is back on ice.
10:03 of 2nd period - Icing by Ian Cole.
10:04 of 2nd period - Kyle Brodziak wins face-off versus Alexander Radulov in Saguenéens zone.
10:13 of 2nd period - Slapshot by Kyle Brodziak.
10:13 of 2nd period - Stopped by Sebastien Caron with a rebound.
10:53 of 2nd period - Petr Sykora is hit by Derek Joslin and loses puck.
11:08 of 2nd period - Henrik Tallinder is hit by Logan Couture.
11:37 of 2nd period - Snap shot by Eric Tangradi.
11:37 of 2nd period - Stopped by Harru Sateri with a rebound.
12:08 of 2nd period - Derek Joslin is hit by Ruslan Fedotenko and loses puck.
12:13 of 2nd period - Snap shot by Ruslan Fedotenko.
12:13 of 2nd period - Stopped by Harru Sateri with a rebound.
12:37 of 2nd period - Tyler Kennedy is hit by Dwight King and loses puck.
12:42 of 2nd period - Backhand shot by Brandon Yip.
12:42 of 2nd period - Deflect By Kyle Brodziak.
12:42 of 2nd period - Shot Misses the Net.
12:42 of 2nd period - Puck is out of play.
12:43 of 2nd period - Andreas Johansson wins face-off versus Steven Stamkos in Manchots zone.
13:08 of 2nd period - Justin Schultz is hit by Logan Couture and loses puck.
13:19 of 2nd period - Snap shot by Alexander Radulov.
13:19 of 2nd period - Stopped by Harru Sateri without a rebound.
13:20 of 2nd period - Logan Couture wins face-off versus Andreas Johansson in Saguenéens zone.
13:49 of 2nd period - Wrist shot by Brian Flynn.
13:49 of 2nd period - Shot Misses the Net.
13:51 of 2nd period - Wrist shot by Brian Flynn.
13:51 of 2nd period - Shot Misses the Net.
13:53 of 2nd period - Snap shot by Ian Cole.
13:53 of 2nd period - Shot Misses the Net.
13:55 of 2nd period - Backhand shot by Brian Flynn.
13:55 of 2nd period - Shot Blocked by Eric Gryba.
13:57 of 2nd period - Slapshot by Ian Cole.
13:57 of 2nd period - Stopped by Sebastien Caron with a rebound.
14:08 of 2nd period - Icing by Martin Hanzal.
14:09 of 2nd period - Kyle Brodziak wins face-off versus Martin Hanzal in Manchots zone.
14:12 of 2nd period - Snap shot by Brandon Yip.
14:12 of 2nd period - Stopped by Sebastien Caron without a rebound.
14:13 of 2nd period - Martin Hanzal wins face-off versus Andreas Johansson in Manchots zone.
14:25 of 2nd period - Minor Penalty to Evgeny Dadonov for Hooking.
14:26 of 2nd period - Steven Stamkos wins face-off versus Kyle Brodziak in Saguenéens zone.
14:29 of 2nd period - Slapshot by Tyler Ennis.
14:29 of 2nd period - Shot Misses the Net.
16:25 of 2nd period - Penalty to Evgeny Dadonov is over, Evgeny Dadonov is back on ice.
16:31 of 2nd period - Slapshot by Ian Cole.
16:31 of 2nd period - Stopped by Sebastien Caron with a rebound.
16:33 of 2nd period - Slapshot by Jeffrey Foss.
16:33 of 2nd period - Stopped by Sebastien Caron without a rebound.
16:34 of 2nd period - Petteri Wirtanen wins face-off versus Martin Hanzal in Manchots zone.
16:35 of 2nd period - Snap shot by David Laliberté.
16:35 of 2nd period - Stopped by Sebastien Caron without a rebound.
16:36 of 2nd period - Andreas Johansson wins face-off versus Martin Hanzal in Manchots zone.
16:47 of 2nd period - Wrist shot by Andreas Johansson.
16:47 of 2nd period - Stopped by Sebastien Caron without a rebound.
16:48 of 2nd period - Steven Stamkos wins face-off versus Andreas Johansson in Manchots zone.
16:55 of 2nd period - Icing by Justin Schultz.
16:56 of 2nd period - Andreas Johansson wins face-off versus Steven Stamkos in Saguenéens zone.
17:12 of 2nd period - Slapshot by Petr Sykora.
17:12 of 2nd period - Shot Misses the Net.
17:14 of 2nd period - Slapshot by Michael Del Zotto.
17:14 of 2nd period - Shot Misses the Net.
17:16 of 2nd period - Slapshot by Michael Del Zotto.
17:16 of 2nd period - Stopped by Harru Sateri without a rebound.
17:17 of 2nd period - Logan Couture wins face-off versus Kyle Brodziak in Saguenéens zone.
18:40 of 2nd period - Snap shot by Steven Stamkos.
18:40 of 2nd period - Shot Misses the Net.
18:42 of 2nd period - Snap shot by Jamie Benn.
18:42 of 2nd period - Shot Misses the Net.
18:44 of 2nd period - Snap shot by Petr Sykora.
18:44 of 2nd period - Stopped by Harru Sateri with a rebound.
18:46 of 2nd period - Backhand shot by Eric Gryba.
18:46 of 2nd period - Stopped by Harru Sateri without a rebound.
18:47 of 2nd period - Andreas Johansson wins face-off versus Steven Stamkos in Saguenéens zone.
18:56 of 2nd period - Wrist shot by Andreas Johansson.
18:56 of 2nd period - Shot Blocked by Steven Stamkos.
18:57 of 2nd period - Minor Penalty to Steven Stamkos for Interference.
18:58 of 2nd period - Andreas Johansson wins face-off versus Tyler Kennedy in Manchots zone.
19:01 of 2nd period - Slapshot by Evgeny Dadonov.
19:01 of 2nd period - Shot Blocked by Bryan Allen.
3rd period
0:01 of 3rd period - Tyler Kennedy wins face-off versus Andreas Johansson in neutral zone.
0:04 of 3rd period - Snap shot by Aaron Ward.
0:04 of 3rd period - Shot Blocked by Justin Schultz.
0:57 of 3rd period - Penalty to Steven Stamkos is over, Steven Stamkos is back on ice.
1:51 of 3rd period - Wrist shot by Martin Hanzal.
1:51 of 3rd period - Shot Blocked by Brian Flynn.
1:53 of 3rd period - Snap shot by Martin Hanzal.
1:53 of 3rd period - Deflect By Bobby Butler.
1:53 of 3rd period - Shot Blocked by Jarkko Ruutu.
1:53 of 3rd period - Puck is out of play.
1:54 of 3rd period - Andreas Johansson wins face-off versus Logan Couture in Saguenéens zone.
2:19 of 3rd period - Bobby Butler is hit by Dwight King and loses puck.
2:25 of 3rd period - Minor Penalty to Kyle Brodziak for Tripping.
2:26 of 3rd period - Andreas Johansson wins face-off versus Tyler Ennis in Saguenéens zone.
2:37 of 3rd period - Wrist shot by Jarkko Ruutu.
2:37 of 3rd period - Goal by Jarkko Ruutu - Manchots : 2 - Saguenéens : 3.
2:38 of 3rd period - Steven Stamkos wins face-off versus Andreas Johansson in neutral zone.
2:50 of 3rd period - Wrist shot by Steven Stamkos.
2:50 of 3rd period - Shot Misses the Net.
2:54 of 3rd period - Snap shot by Tyler Ennis.
2:54 of 3rd period - Shot Misses the Net.
3:12 of 3rd period - Slapshot by Alexander Radulov.
3:12 of 3rd period - Stopped by Harru Sateri with a rebound.
3:14 of 3rd period - Snap shot by Jamie Benn.
3:14 of 3rd period - Shot Blocked by Justin Schultz.
3:28 of 3rd period - Wrist shot by Jarkko Ruutu.
3:28 of 3rd period - Shot Misses the Net.
4:25 of 3rd period - Penalty to Kyle Brodziak is over, Kyle Brodziak is back on ice.
4:48 of 3rd period - Wrist shot by Brian Flynn.
4:48 of 3rd period - Shot Blocked by Pernell Karl Subban.
4:50 of 3rd period - Slapshot by Kyle Brodziak.
4:50 of 3rd period - Stopped by Sebastien Caron with a rebound.
4:52 of 3rd period - Snap shot by Jarkko Ruutu.
4:52 of 3rd period - Goal by Jarkko Ruutu - Manchots : 2 - Saguenéens : 4.
4:53 of 3rd period - Jamie Benn wins face-off versus Andreas Johansson in neutral zone.
4:56 of 3rd period - Slapshot by Petr Sykora.
4:56 of 3rd period - Shot Misses the Net.
4:58 of 3rd period - Slapshot by Jamie Benn.
4:58 of 3rd period - Stopped by Harru Sateri with a rebound.
5:00 of 3rd period - Slapshot by Michael Del Zotto.
5:00 of 3rd period - Stopped by Harru Sateri with a rebound.
5:02 of 3rd period - Snap shot by Steven Stamkos.
5:02 of 3rd period - Shot Misses the Net.
5:04 of 3rd period - Slapshot by Jamie Benn.
5:04 of 3rd period - Manchots goal is going for a video replay.
5:04 of 3rd period - The goal is good.
5:04 of 3rd period - Goal by Jamie Benn - Manchots : 3 - Saguenéens : 4.
5:05 of 3rd period - Steven Stamkos wins face-off versus Andreas Johansson in neutral zone.
5:12 of 3rd period - Snap shot by Steven Stamkos.
5:12 of 3rd period - Deflect By Jamie Benn.
5:12 of 3rd period - Stopped by Harru Sateri without a rebound.
5:13 of 3rd period - Andreas Johansson wins face-off versus Steven Stamkos in Saguenéens zone.
5:13 of 3rd period - Andreas Johansson is hit by Steven Stamkos.
5:29 of 3rd period - Snap shot by Evgeny Dadonov.
5:29 of 3rd period - Shot Blocked by Stanislav Neckar.
5:31 of 3rd period - Snap shot by Henrik Tallinder.
5:31 of 3rd period - Shot Misses the Net.
5:32 of 3rd period - Minor Penalty to Steven Stamkos for Delaying the game.
5:33 of 3rd period - Wayne Simmonds wins face-off versus Tyler Kennedy in Manchots zone.
5:36 of 3rd period - Wrist shot by Evgeny Dadonov.
5:36 of 3rd period - Stopped by Sebastien Caron with a rebound.
5:38 of 3rd period - Slapshot by Wayne Simmonds.
5:38 of 3rd period - Shot Misses the Net.
5:40 of 3rd period - Slapshot by Justin Schultz.
5:40 of 3rd period - Shot Misses the Net.
5:42 of 3rd period - Snap shot by Wayne Simmonds.
5:42 of 3rd period - Shot Misses the Net.
7:32 of 3rd period - Penalty to Steven Stamkos is over, Steven Stamkos is back on ice.
7:56 of 3rd period - Snap shot by Steven Stamkos.
7:56 of 3rd period - Shot Blocked by Brian Flynn.
8:02 of 3rd period - Snap shot by Brian Flynn.
8:02 of 3rd period - Stopped by Sebastien Caron with a rebound.
8:14 of 3rd period - Slapshot by Bryan Allen.
8:14 of 3rd period - Shot Blocked by Henrik Tallinder.
8:42 of 3rd period - Henrik Tallinder is hit by Martin Hanzal and loses puck.
8:44 of 3rd period - Minor Penalty to Henrik Tallinder for Hooking.
8:45 of 3rd period - Andreas Johansson wins face-off versus Steven Stamkos in Saguenéens zone.
9:49 of 3rd period - Kyle Brodziak is hit by Jamie Benn.
10:44 of 3rd period - Penalty to Henrik Tallinder is over, Henrik Tallinder is back on ice.
10:45 of 3rd period - Snap shot by Eric Tangradi.
10:45 of 3rd period - Stopped by Harru Sateri without a rebound.
10:46 of 3rd period - Petteri Wirtanen wins face-off versus Martin Hanzal in Saguenéens zone.
10:55 of 3rd period - Wrist shot by Bobby Butler.
10:55 of 3rd period - Shot Misses the Net.
10:57 of 3rd period - Snap shot by Bobby Butler.
10:57 of 3rd period - Shot Misses the Net.
10:59 of 3rd period - Backhand shot by Bobby Butler.
10:59 of 3rd period - Stopped by Harru Sateri with a rebound.
11:27 of 3rd period - Wrist shot by Jarkko Ruutu.
11:27 of 3rd period - Shot Misses the Net.
12:05 of 3rd period - Minor Penalty to Wayne Simmonds for Cross-checking.
12:06 of 3rd period - Steven Stamkos wins face-off versus Brandon Yip in Saguenéens zone.
12:31 of 3rd period - Alexander Radulov is hit by Henrik Tallinder.
12:36 of 3rd period - Off-side.
12:37 of 3rd period - Steven Stamkos wins face-off versus Kyle Brodziak in neutral zone.
12:42 of 3rd period - Snap shot by Aaron Ward.
12:42 of 3rd period - Stopped by Harru Sateri without a rebound.
12:43 of 3rd period - Steven Stamkos wins face-off versus Andreas Johansson in Saguenéens zone.
12:58 of 3rd period - Snap shot by Petr Sykora.
12:58 of 3rd period - Stopped by Harru Sateri without a rebound.
12:59 of 3rd period - Kyle Brodziak wins face-off versus Steven Stamkos in Saguenéens zone.
13:08 of 3rd period - Slapshot by Bryan Allen.
13:08 of 3rd period - Stopped by Harru Sateri with a rebound.
14:05 of 3rd period - Penalty to Wayne Simmonds is over, Wayne Simmonds is back on ice.
14:20 of 3rd period - Evgeny Dadonov is hit by Aaron Ward and loses puck.
15:01 of 3rd period - Backhand shot by Jarkko Ruutu.
15:01 of 3rd period - Shot Misses the Net.
15:03 of 3rd period - Snap shot by Jeffrey Foss.
15:03 of 3rd period - Shot Blocked by Stanislav Neckar.
15:05 of 3rd period - Wrist shot by Jarkko Ruutu.
15:05 of 3rd period - Shot Misses the Net.
15:07 of 3rd period - Slapshot by Jeffrey Foss.
15:07 of 3rd period - Stopped by Sebastien Caron without a rebound.
15:08 of 3rd period - Kyle Brodziak wins face-off versus Martin Hanzal in Manchots zone.
15:11 of 3rd period - Wrist shot by Kyle Brodziak.
15:11 of 3rd period - Stopped by Sebastien Caron with a rebound.
15:13 of 3rd period - Snap shot by Brandon Yip.
15:13 of 3rd period - Goal by Brandon Yip - Manchots : 3 - Saguenéens : 5.
15:14 of 3rd period - Steven Stamkos wins face-off versus Wayne Simmonds in neutral zone.
15:24 of 3rd period - Off-side.
15:25 of 3rd period - Steven Stamkos wins face-off versus Andreas Johansson in neutral zone.
15:51 of 3rd period - Petr Sykora is hit by Mike Van Ryn and loses puck.
16:10 of 3rd period - Slapshot by Petr Sykora.
16:10 of 3rd period - Shot Misses the Net.
16:12 of 3rd period - Backhand shot by Steven Stamkos.
16:12 of 3rd period - Shot Blocked by Petteri Wirtanen.
16:14 of 3rd period - Snap shot by Michael Del Zotto.
16:14 of 3rd period - Shot Misses the Net.
16:16 of 3rd period - Snap shot by Jamie Benn.
16:16 of 3rd period - Shot Misses the Net.
16:18 of 3rd period - Slapshot by Steven Stamkos.
16:18 of 3rd period - Stopped by Harru Sateri without a rebound.
16:19 of 3rd period - Martin Hanzal wins face-off versus Brian Flynn in Saguenéens zone.
16:20 of 3rd period - Snap shot by Ruslan Fedotenko.
16:20 of 3rd period - Shot Misses the Net.
16:22 of 3rd period - Snap shot by Bobby Butler.
16:22 of 3rd period - Shot Misses the Net.
16:32 of 3rd period - Snap shot by Ruslan Fedotenko.
16:32 of 3rd period - Shot Blocked by Brian Flynn.
16:34 of 3rd period - Slapshot by Eric Gryba.
16:34 of 3rd period - Stopped by Harru Sateri with a rebound.
16:44 of 3rd period - Alexander Radulov is hit by Jeffrey Foss and loses puck.
17:13 of 3rd period - Snap shot by Brandon Yip.
17:13 of 3rd period - Shot Misses the Net.
17:23 of 3rd period - Pernell Karl Subban is hit by Tyler McNeely and loses puck.
17:33 of 3rd period - Off-side.
17:34 of 3rd period - Martin Hanzal wins face-off versus Jarkko Ruutu in neutral zone.
17:43 of 3rd period - Wrist shot by Martin Hanzal.
17:43 of 3rd period - Shot Blocked by Derek Joslin.
17:45 of 3rd period - Slapshot by Aaron Ward.
17:45 of 3rd period - Stopped by Harru Sateri with a rebound.
17:47 of 3rd period - Wrist shot by Aaron Ward.
17:47 of 3rd period - Deflect By Ruslan Fedotenko.
17:47 of 3rd period - Shot Misses the Net.
17:47 of 3rd period - Puck is out of play.
17:48 of 3rd period - Andreas Johansson wins face-off versus Steven Stamkos in Saguenéens zone.
17:55 of 3rd period - Icing by Evgeny Dadonov.
17:56 of 3rd period - Andreas Johansson wins face-off versus Steven Stamkos in Saguenéens zone.
18:01 of 3rd period - Andreas Johansson is hit by Petr Sykora and loses puck.
18:07 of 3rd period - Minor Penalty to Evgeny Dadonov for Tripping.
18:08 of 3rd period - Andreas Johansson wins face-off versus Steven Stamkos in Saguenéens zone.
18:08 of 3rd period - Andreas Johansson is hit by Steven Stamkos.
18:22 of 3rd period - Snap shot by Steven Stamkos.
18:22 of 3rd period - Shot Misses the Net.
19:14 of 3rd period - Brandon Yip is hit by Jamie Benn and loses puck.
Output by the SimonT Hockey Simulator (STHS) for François Prévost -- Original Page W3C XHTML 1.0 Valid